 Dungeon Crawl Stone Soup version 0.26-a0-597-gb535b0901c (webtiles) character file.

Game seed: 17118463046140022489

79 kae the Gusty (level 4, -5/24 HPs)
             Began as a Tengu Air Elementalist on Aug 27, 2020.
             Shot with an arrow by a centaur (8 damage)
             ... on level 3 of the Dungeon.
             The game lasted 00:01:57 (2849 turns).

kae the Gusty (Tengu Air Elementalist)              Turns: 2849, Time: 00:01:57

Health: -5/24      AC:  2    Str:  9    XL:     4   Next: 37%
Magic:  5/8        EV: 12    Int: 16    God:
Gold:   108        SH:  0    Dex: 14    Spells: 2/8 levels left

rFire    . . .     SeeInvis .   m - +0 hand axe
rCold    . . .     Faith    .   (no shield)
rNeg     . . .     Spirit   .   a - +0 robe
rPois    .         Reflect  .   (helmet restricted)
rElec    .         Harm     .   (no cloak)
rCorr    .                      (no gloves)
MR       .....                  (boots unavailable)
Stlth    ++........             (no amulet)
HPRegen  0.08/turn              (no ring)
MPRegen  0.11/turn              (no ring)

@: no status effects
A: beak, talons 3
a: no special abilities


You were on level 3 of the Dungeon.
You visited 1 branch of the dungeon, and saw 3 of its levels.

You collected 108 gold pieces.

Inventory:

Hand Weapons
 m - a +0 hand axe (weapon)
Armour
 a - a +0 robe (worn)
Jewellery
 j - a cursed ring of fire {unknown}
Scrolls
 c - a scroll of remove curse {unknown}
 g - 2 scrolls of amnesia {unknown}
 i - 2 scrolls of identify {unknown}
 k - a scroll of immolation {unknown}
 l - a scroll of teleportation
Potions
 b - a potion of heal wounds {unknown}
 d - 2 potions of curing {unknown}
 e - a potion of ambrosia {unknown}
 f - a potion of flight {unknown}
 h - a potion of haste {unknown}


   Skills:
 - Level 2.1 Dodging
 - Level 2.0 Stealth
 + Level 2.6 Spellcasting
 + Level 2.9 Conjurations
 * Level 5.5 Air Magic


You had 2 spell levels left.
You knew the following spells:

 Your Spells              Type           Power        Failure   Level
a - Shock                 Conj/Air       ###.         3%          1
b - Swiftness             Air            ###.....     3%          2
c - Static Discharge      Conj/Air       ###.....     11%         3

Your spell library contained the following spells:

 Spells                   Type           Power        Failure   Level
 Airstrike                Air            ###.......   21%         4
 Lightning Bolt           Conj/Air       ###.......   67%         5


Dungeon Overview and Level Annotations

Branches:
Dungeon (3/15)

Altars:
Qazlal
Xom
Zin


Innate Abilities, Weirdness & Mutations

You have a beak for a mouth.
You have claws for feet.


Message History

The centaur is moderately wounded.
The centaur wields a +0 shortbow.
The centaur shoots an arrow.
The arrow hits you.
Casting: Shock (safe; 3% risk of failure)
Confirm with . or Enter, or press ? or * to list all spells.
Aiming: Shock (safe; 3% risk of failure)
Press: ? - help, Shift-Dir - straight line, f/p - centaur
Aim: a centaur, wielding a +0 shortbow and quivering 11 arrows (moderately wounded)
The zap misses the centaur.
The centaur shoots an arrow.
The arrow hits you.
Casting: Shock (safe; 3% risk of failure)
Confirm with . or Enter, or press ? or * to list all spells.
Aiming: Shock (safe; 3% risk of failure)
Press: ? - help, Shift-Dir - straight line, f/p - centaur
Aim: a centaur, wielding a +0 shortbow and quivering 10 arrows (moderately wounded)
The zap hits the centaur.
The centaur is moderately wounded.
The centaur shoots an arrow.
The arrow hits you!
* * * LOW HITPOINT WARNING * * *
The centaur shoots an arrow.
The arrow hits you!
You die...

#.c #.# ##..
### ..# .#
... ..# .#
#.###.##.##
###..../....#
.......@....#
####........#
#........#
#...<....#
#........#
#....[...#
######.### ..
##.


You could see a centaur.

Vanquished Creatures
  An adder (D:2)
  2 oozes
  2 worms (D:2)
  3 dart slugs
  3 leopard geckos (D:2)
  8 bats
  A giant cockroach (D:1)
  3 goblins (D:1)
  5 hobgoblins
  3 jackals (D:2)
  3 frilled lizards
  7 kobolds
  6 rats
47 creatures vanquished.

Vanquished Creatures (others)
  A goblin (D:2)
1 creature vanquished.

Grand Total: 48 creatures vanquished

Notes
Turn   | Place    | Note
-------+----------+-------------------------------------------
     0 | D:1      | kae the Tengu Air Elementalist began the quest for the Orb.
     0 | D:1      | Reached XP level 1. HP: 10/10 MP: 4/4
   441 | D:1      | Reached XP level 2. HP: 15/15 MP: 3/6
  1358 | D:2      | Reached XP level 3. HP: 12/19 MP: 2/7
  1359 | D:2      | Found a stormy altar of Qazlal.
  1463 | D:2      | Reached skill level 5 in Air Magic
  1534 | D:2      | Found a shimmering altar of Xom.
  1992 | D:2      | Found a glowing silver altar of Zin.
  2044 | D:2      | Reached XP level 4. HP: 24/24 MP: 5/8
  2840 | D:3      | Learned a level 2 spell: Swiftness
  2844 | D:3      | Learned a level 3 spell: Static Discharge
  2846 | D:3      | Noticed a centaur
  2849 | D:3      | Shot with an arrow by a centaur

Illustrated notes

Levels and vault maps discovered:
D:1:      scummos_arrival_gate, layout_basic
D:2:      layout_rooms, zin_academy, old_standard_altar, grunt_qazlal_clouds
D:3:      layout_rooms, overflow_temple_1_default

Skill      XL: |  1  2  3 |
---------------+----------+-----
Conjurations   | 2 |  2.9
Air Magic      | 5 |  5.5
Dodging        | |  2.1
Stealth        | |  2.0
Spellcasting   | |  2.6

Action                   |  1- 3 |  4- 6 || total
-------------------------+-------+-------++-------
Melee: Unarmed           |    29 |    14 ||    43
       Peck              |     4 |     1 ||     5
       Kick              |     7 |     1 ||     8
 Cast: Shock             |    79 |    32 ||   111
  Use: Scroll            |     2 |       ||     2
 Stab: Sleeping          |     1 |       ||     1
Armor: Robe              |    16 |     5 ||    21
Dodge: Dodged            |    35 |    14 ||    49

Table legend: (Time is in decaauts)
 A = Elapsed time spent in this place.
 B = Non-inter-level travel time spent in this place.
 C = Inter-level travel time spent in this place.
 D = Time resting spent in this place.
 E = Time spent auto-exploring this place.
 F = Levels seen in this place.
 G = Mean time per level.
                   A        B        C        D        E       F      G
               +--------+--------+--------+--------+--------+-----+--------+
         Total |   2849 |   2780 |     69 |    548 |   1948 |   3 |  949.7 |
       Dungeon |   2849 |   2780 |     69 |    548 |   1948 |   3 |  949.7 |
               +--------+--------+--------+--------+--------+-----+--------+

Top non-repeatable levels by time:
     D:2: 1435 daAuts
     D:1: 1351 daAuts
     D:3: 62 daAuts
